 Dungeon Crawl Stone Soup version 0.30.1-9-gdf580d7c3d (webtiles) character file.

Game seed: 11175401974210481712

2082 Hasleak the Thaumaturge (level 9, -5/45 HPs)
             Began as a Deep Elf Necromancer on Sept 28, 2023.
             Was an Initiate of Yredelemnul.
             Killed from afar by a steam dragon (9 damage)
             ... with a ball of steam
             ... on level 7 of the Dungeon.
             The game lasted 00:23:33 (5587 turns).

Hasleak the Thaumaturge (Deep Elf Necromancer)      Turns: 5587, Time: 00:23:33

Health: -5/45      AC:  7    Str: 10    XL:     9   Next: 6%
Magic:  23/32      EV: 16    Int: 24    God:    Yredelemnul [......]
Gold:   78         SH:  0    Dex: 19    Spells: 1/25 levels left

rFire   . . .        A - +1 quarterstaff (spect)
rCold   . . .        (shield currently unavailable)
rNeg    . . .        a - +1 robe
rPois   .            (no helmet)
rElec   .            n - +2 cloak
rCorr   .            (no gloves)
SInv    .            c - +0 pair of boots
Will    .....        (no amulet)
Stlth   ++           m - +6 ring of strength
HPRegen 0.27/turn    q - ring of magical power
MPRegen 0.23/turn

%: no passive effects
@: very slightly contaminated, unable to read
A: agile 1, wild magic 1, inability to read after injury 1
a: Renounce Religion, Recall Undead Harvest


You were on level 7 of the Dungeon.
You worshipped Yredelemnul.
Yredelemnul was noncommittal.
You visited 1 branch of the dungeon, and saw 7 of its levels.

You collected 315 gold pieces.
You spent 237 gold pieces at shops.

Inventory:

Hand Weapons
 f - a +1 rapier
 A - a +1 spectral quarterstaff (weapon)
Armour
 a - a +1 robe (worn)
 c - a +0 pair of boots (worn)
 n - a +2 cloak (worn)
Magical Staves
 d - a staff of earth
 v - a staff of conjuration
Jewellery
 m - a +6 ring of strength (left hand)
 q - a ring of magical power (right hand)
 s - a ring of poison resistance
 z - a +4 ring of protection
Wands
 e - a wand of iceblast (10)
 k - a wand of paralysis (19)
 y - a wand of flame (18)
Scrolls
 h - 2 scrolls of fog
 j - 2 scrolls of teleportation
 l - 3 scrolls of summoning
 B - a scroll of blinking {unknown}
Potions
 b - 3 potions of magic
 g - a potion of degeneration {unknown}
 i - 2 potions of curing {unknown}
 o - a potion of flight {unknown}
 p - 2 potions of brilliance {unknown}
 r - a potion of attraction
 t - a potion of resistance {unknown}
 u - a potion of haste {unknown}
 w - a potion of berserk rage {unknown}
 x - 2 potions of cancellation {unknown}


   Skills:
 + Level 6.5 Dodging
 - Level 2.5 Stealth
 + Level 8.9 Spellcasting
 * Level 6.5 Summonings
 + Level 7.8 Necromancy
 + Level 3.2 Translocations


You had one spell level left.
You knew the following spells:

 Your Spells              Type           Power      Damage    Failure   Level
a - Necrotise             Necr           100%       1d9       1%          1
b - Summon Small Mammal   Summ           100%       N/A       1%          1
c - Vampiric Draining     Necr           58%        2d10      1%          3
d - Animate Dead          Necr           58%        N/A       4%          4
e - Malign Gateway        Summ/Tloc      22%        N/A       100%        7
f - Summon Horrible Thin  Summ           26%        N/A       100%        8

Your spell library contained the following spells:

 Spells                   Type           Power      Damage    Failure   Level
 Apportation              Tloc           68%        N/A       3%          1
 Beastly Appendage        Tmut           28%        N/A       10%         1
 Sandblast                Erth           28%        2d8       10%         1
 Gell's Gravitas          Tloc           34%        N/A       8%          3
 Teleport Other           Tloc           34%        N/A       8%          3
 Agony                    Necr           58%        N/A       11%         5
 Passwall                 Tmut/Erth      11%        N/A       13%         2
 Wereblood                Tmut           14%        N/A       13%         2
 Volatile Blastmotes      Fire/Tloc      48%        2d14      13%         3
 Dazzling Flash           Conj/Hex       28%        N/A       26%         3
 Spider Form              Tmut/Pois      14%        N/A       26%         3
 Stone Arrow              Conj/Erth      28%        3d8       26%         3
 Iskenderun's Mystic Bla  Conj/Tloc      24%        2d7       38%         4
 Fulminant Prism          Conj/Hex       7%         3d7       61%         4
 Lee's Rapid Deconstruct  Erth           7%         3d6*      90%         5
 Dispersal                Tloc           17%        N/A       96%         6
 Starburst                Conj/Fire      7%         6d4       100%        6
 Spellforged Servitor     Conj/Summ      17%        N/A       100%        7


Dungeon Overview and Level Annotations

Branches:
Dungeon (7/15)             Temple (0/1) D:4

Altars:
Nemelex Xobeh
Uskayaw
Yredelemnul

Shops:
D:6 *(*

Annotations:
D:6 3 runed translucent doors, Henri's ghost, novice GrFi; NullDivider's ghost, novice OpVM; Seven7's ghost, novice MiFi


Innate Abilities, Weirdness & Mutations

You are agile. (Dex +4, Str/Int -1)
Your spells are a little harder to cast, but a little more powerful.
You occasionally lose the ability to read scrolls when taking damage.


Message History

Casting: Vampiric Draining (safe; 1% risk of failure)
Confirm with . or Enter, or press ? or * to list all spells.
Aiming: Vampiric Draining (safe; 1% risk of failure)
Press: ? - help, Shift-Dir - straight line, f - steam dragon
Aim: a steam dragon (catching its breath)
You draw life force from the steam dragon!
You feel life coursing into your body.
You are engulfed in a cloud of scalding steam.
* * * LOW HITPOINT WARNING * * *
The steam dragon completely misses you. The steam dragon misses you.
The gnoll hits you with a +0 club.
* * * LOW HITPOINT WARNING * * *
Unknown command.
Casting: Vampiric Draining (safe; 1% risk of failure)
Confirm with . or Enter, or press ? or * to list all spells.
Aiming: Vampiric Draining (safe; 1% risk of failure)
Press: ? - help, Shift-Dir - straight line, f - gnoll, p - steam dragon
Aim: a gnoll, wielding a +0 club (steam)
You miscast Vampiric Draining.
You are very lightly contaminated with residual magic.
Nothing appears to happen.
The steam dragon bites you but does no damage.
The steam dragon closely misses you.
The gnoll is engulfed in a cloud of scalding steam.
The gnoll hits you with a +0 club!
You feel threatened and lose the ability to read scrolls!
* * * LOW HITPOINT WARNING * * *
A gnoll sergeant comes into view. It is wielding a +0 spear.
Casting: Vampiric Draining (safe; 1% risk of failure)
Confirm with . or Enter, or press ? or * to list all spells.
Aiming: Vampiric Draining (safe; 1% risk of failure)
Press: ? - help, Shift-Dir - straight line, f/p - gnoll
Aim: a gnoll, wielding a +0 club (almost dead)
You draw life force from the gnoll.
You kill the gnoll!
You feel life coursing into your body. The steam dragon breathes steam at you.
The ball of steam hits you!
You die...
Your body rises from the dead as a mindless zombie.

.............
.g..................
#..g..Z.............
#.gZ. ............. ..
#.g. #....##...# ...#
###..Z###....##...##...#
......g......#..........
......Z§§.)§.#..........
........D@...'..........
.......§.....#..........
........§§...#..........
#..##+###§#####.<.###..
## #+##.##)).###...
#....))......
#............
#............
#............


You could see a steam dragon (catching breath), a gnoll sergeant, 2 gnolls, a
hornet zombie and a centaur zombie.

Vanquished Creatures
  Sigmund (D:3)
  A water moccasin (D:5)
  An orc warrior (D:6)
  5 black bears
  An ogre (D:6)
  A centaur (D:6)
  A phantom (D:5)
  2 hounds
  A jelly (D:3)
  An orc priest (D:6)
  A sleepcap (D:4)
  Terence (D:2)
  An iguana (D:5)
  3 orc wizards
  2 gnolls
  10 adders
  A shadow imp (D:5)
  2 worms
  12 orcs
  6 bats
  3 endoplasms
  2 giant cockroaches
  3 goblins
  4 hobgoblins
  6 kobolds
  A quokka (D:4)
  11 ball pythons
  5 frilled lizards
  3 rats
92 creatures vanquished.

Vanquished Creatures (collateral kills)
  A water moccasin (D:5)
  An ice beast (D:6)
  A black bear (D:6)
  A centaur (D:5)
  A phantom (D:6)
  2 jellies
  An orc wizard (D:6)
  4 gnolls
  An adder (D:5)
  A shadow imp (D:6)
  4 ufetubi
  A dart slug (D:4)
  2 orcs (D:6)
  A hobgoblin (D:4)
  3 ball pythons
  3 rats
28 creatures vanquished.

Vanquished Creatures (others)
  A black bear zombie (D:6)
  A hound zombie (D:6)
  2 adder zombies (D:5)
  An iguana zombie (D:5)
  A spectral shadow imp (D:6)
  2 kobold zombies (D:4)
  11 orc zombies
  3 spectral ufetubi
22 creatures vanquished.

Grand Total: 142 creatures vanquished

Notes
Turn   | Place    | Note
-------+----------+-------------------------------------------
     0 | D:1      | Hasleak the Deep Elf Necromancer began the quest for the
                  | Orb.
     0 | D:1      | Reached XP level 1. HP: 10/10 MP: 6/6
   106 | D:1      | Reached XP level 2. HP: 10/15 MP: 4/8
   149 | D:1      | Reached skill level 5 in Necromancy
   208 | D:1      | Found a faded altar of an unknown god.
   661 | D:2      | Learned a level 1 spell: Summon Small Mammal
   738 | D:2      | Reached skill level 4 in Spellcasting
   741 | D:2      | Reached XP level 3. HP: 7/19 MP: 5/10
   980 | D:2      | Found a hide-covered altar of Uskayaw.
  1058 | D:2      | You fall into a shaft and drop 1 floor!
  1138 | D:3      | Reached skill level 1 in Summonings
  1138 | D:3      | Reached XP level 4. HP: 24/24 MP: 5/12
  1145 | D:3      | Learned a level 3 spell: Vampiric Draining
  1150 | D:3      | Learned a level 4 spell: Animate Dead
  1403 | D:2      | Noticed Terence
  1409 | D:2      | Killed Terence
  1644 | D:3      | Reached skill level 5 in Spellcasting
  1691 | D:3      | Noticed Sigmund
  1717 | D:3      | Killed Sigmund
  1718 | D:3      | Reached XP level 5. HP: 21/28 MP: 3/15
  1718 | D:3      | Reached XP level 6. HP: 24/32 MP: 3/16
  2001 | D:3      | Reached skill level 6 in Spellcasting
  2240 | D:3      | Found a basalt altar of Yredelemnul.
  2246 | D:3      | Became a worshipper of Yredelemnul the Dark
  2313 | D:3      | Gained mutation: Your spells are a little harder to cast,
                  | but a little more powerful. [potion of mutation]
  2313 | D:3      | Gained mutation: You occasionally lose the ability to read
                  | scrolls when taking damage. [potion of mutation]
  2313 | D:3      | Gained mutation: You are agile. (Dex +4, Str/Int -1)
                  | [potion of mutation]
  2710 | D:4      | Reached * piety under Yredelemnul
  2719 | D:4      | Found a staircase to the Ecumenical Temple.
  3265 | D:5      | Entered Level 5 of the Dungeon
  3266 | D:5      | Noticed a water moccasin
  3394 | D:5      | Reached skill level 7 in Spellcasting
  3394 | D:5      | Reached XP level 7. HP: 33/36 MP: 19/19
  3411 | D:5      | Learned a level 7 spell: Malign Gateway
  3545 | D:5      | Reached skill level 5 in Dodging
  3795 | D:5      | Reached skill level 8 in Spellcasting
  3795 | D:5      | Reached XP level 8. HP: 9/41 MP: 14/22
  3896 | D:5      | Reached skill level 1 in Translocations
  3982 | D:5      | Found a sparkling altar of Nemelex Xobeh.
  4074 | D:5      | Found a hide-covered altar of Uskayaw.
  4275 | D:6      | Reached skill level 5 in Summonings
  4565 | D:6      | Found Ecusauc's Antique Weapon Boutique.
  4631 | D:6      | Bought a glowing quarterstaff for 189 gold pieces
  4687 | D:6      | Found Zaosikhla's Assorted Antiques.
  4693 | D:6      | Bought a scroll labelled RYERE MAJOXT for 24 gold pieces
  4693 | D:6      | Bought a scroll labelled QAOMAR DYCZIQ for 24 gold pieces
  4695 | D:6      | Acquired the Catalogue of the Impact
  4705 | D:6      | Learned a level 8 spell: Summon Horrible Things
  4828 | D:6      | Found a runed translucent gate.
  4828 | D:6      | Found a runed translucent gate.
  4830 | D:6      | Found a runed translucent gate.
  4831 | D:6      | Noticed NullDivider's ghost (novice OpVM)
  4831 | D:6      | Noticed Seven7's ghost (novice MiFi)
  4831 | D:6      | Noticed Henri's ghost (novice GrFi)
  5334 | D:6      | Reached XP level 9. HP: 40/45 MP: 20/23
  5445 | D:6      | Found Luqi's Assorted Antiques.
  5587 | D:7      | Killed from afar by a steam dragon

Illustrated notes

Levels and vault maps discovered:
D:1:      minmay_arrival_shoal_huts, layout_rooms,
          chequers_ecumenical_altar_simple_redux, minivault_26, minmay_distorted
D:2:      layout_loops_cross, basic_altar, uniq_terence
D:3:      layout_loops_ring, yredelemnul_altar_generic,
          minmay_misc_feat_pillars, corexii_item_surrounded_by_moat,
          uniq_sigmund
D:4:      layout_basic, minmay_temple_entry_large_hall, st_stairs_7,
          minmay_liquid_box, minmay_quantized
D:5:      layout_basic, mainiacjoe_overflow_catwalk, lemuel_doored_altar,
          grunt_ministairs_2
D:6:      layout_basic, gammafunk_ghost_cemetery, serial_shops,
          nicolae_shop_behind_doors, shop, shop, minmay_misc_feat_ornament,
          minmay_misc_feat_four_crosses
D:7:      layout_gridville, minmay_overflow_temple_star_quad, serial_undead,
          serial_undead_a, serial_undead_a, serial_undead_a, serial_undead_f,
          uniq_menkaure, uniq_joseph, uniq_crazy_yiuf_cottage

Skill      XL: |  1  2  3  4  5  6  7  8 |
---------------+-------------------------+-----
Necromancy     | 5 6 7 |  7.8
Spellcasting   | 4 5 7 8 |  8.9
Dodging        | 3 4 5 6 |  6.5
Summonings     | 1 2 3 4 6 |  6.5
Translocations | 3 |  3.2
Stealth        | |  2.5

Action                     |  1- 3 |  4- 6 |  7- 9 || total
---------------------------+-------+-------+-------++-------
  Melee: Unarmed           |     4 |       |       ||     4
         Rapier            |     1 |    46 |       ||    47
         Staff             |       |    43 |    54 ||    97
         Quarterstaff      |       |       |    12 ||    12
         Punch             |       |       |     1 ||     1
   Cast: Necrotise         |    41 |    38 |    15 ||    94
         Summon Small Mamm |     4 |     2 |    17 ||    23
         Vampiric Draining |       |    11 |    35 ||    46
 Invoke: Recall Undead Har |       |     1 |     1 ||     2
    Use: Scroll            |       |    13 |     3 ||    16
         Potion            |       |     1 |     2 ||     3
   Stab: Sleeping          |     1 |     4 |     2 ||     7
         Distracted        |       |     1 |     1 ||     2
 Armour: Robe              |     9 |    30 |    68 ||   107
  Dodge: Dodged            |    16 |    95 |   131 ||   242
